AoeStats
← 大王同学

Arena

508448691Analyzed
4v4 RM · 8d ago on Sep 22, 2026· 59m 53s· 8 players
Game mode
Random Map
Map size
Large (8 player)
Population
200
Speed
Normal
Resources
Standard
Victory
Conquest
Starting age
Dark Age
Ending age
Imperial Age
RankedLock teamsTeams togetherTeam positionsShared explorationLock speedFull tech treeHidden civsTurbo modeCheats
Victory
Defeat
🇨🇳 Malians · China
1514
+10
🇨🇳 Khmer · China
1428
+13
1385
+15
🇭🇰 Chinese · Hong Kong SAR China
1296
+17
🇭🇰 Khmer · Hong Kong SAR China
1421
-16
🇨🇱 Cumans · Chile
1357
-14
🇦🇷 Teutons · Argentina
1340
-13
🇨🇴 Italians · Colombia
1309
-12
[IMGG]Poncho
5:32 Loom
9:02 Feudal Age
9:34 Double-Bit Axe
13:59 Fletching
14:37 Horse Collar
18:11 Stone Mining
19:41 Town Watch
21:39 Gold Mining
23:06 Wheelbarrow
27:01 Castle Age
28:29 Bodkin Arrow
32:12 Imperial Age
29:35 Guard Tower
30:36 Ballistics
30:28 Bow Saw
32:06 Padded Archer Armor
34:14 Chemistry
34:38 Conscription
36:48 Block Printing
37:20 Bracer
44:34 Leather Archer Armor
45:57 Ring Archer Armor
52:11 Squires
52:13 Scale Mail Armor
53:15 Forging
302
11:31 Feudal Age
15:26 Castle Age
13:29 Horse Collar
14:14 Double-Bit Axe
16:48 Wheelbarrow
17:35 Bow Saw
24:48 Imperial Age
22:43 Loom
23:20 Gold Mining
24:11 Ballistics
25:06 Fletching
25:19 Heavy Scorpion
29:21 Hand Cart
29:02 Bodkin Arrow
31:17 Double Crossbow
32:55 Chemistry
33:52 Siege Engineers
33:49 Bracer
37:06 Conscription
38:02 Town Watch
41:02 Masonry
41:45 Scale Barding Armor
41:51 Forging
42:47 Chain Barding Armor
43:01 Bloodlines
42:52 Husbandry
42:13 Light Cavalry
43:10 Heavy Plow
44:01 Hussar
46:19 Plate Barding Armor
46:19 Iron Casting
53:01 Blast Furnace
Bear
6:27 Loom
9:08 Feudal Age
13:38 Fletching
24:17 Castle Age
23:22 Scale Barding Armor
23:59 Forging
35:04 Iron Casting
37:02 Scale Mail Armor
37:57 Wheelbarrow
37:15 Pikeman
38:41 Chain Mail Armor
38:56 Squires
41:50 Town Watch
42:35 Arson
42:36 Gambesons
48:22 Imperial Age
46:08 Hand Cart
45:54 Town Patrol
47:35 Bodkin Arrow
49:08 Halberdier
50:43 Chain Barding Armor
51:04 Cavalier
52:22 Plate Mail Armor
52:16 Man-at-Arms
54:35 Long Swordsman
56:19 Blast Furnace
55:37 Two-Handed Swordsman
56:52 Champion
Thanos 2022
8:54 Feudal Age
9:33 Double-Bit Axe
9:30 Horse Collar
20:11 Castle Age
19:16 Wheelbarrow
18:52 Gold Mining
19:17 Forging
19:33 Scale Barding Armor
21:12 Bloodlines
21:56 Bow Saw
22:18 Heavy Plow
26:58 Devotion
30:10 Imperial Age
29:25 Hand Cart
29:44 Loom
30:30 Chain Barding Armor
30:12 Cavalier
31:28 Iron Casting
31:52 Plate Barding Armor
33:04 Gold Shaft Mining
33:06 Crop Rotation
33:37 Paladin
37:01 Blast Furnace
37:03 Conscription
43:31 Scale Mail Armor
42:52 Pikeman
43:33 Squires
43:18 Arson
43:58 Halberdier
44:43 Fletching
46:02 Chain Mail Armor
48:24 Plate Mail Armor
48:33 Bodkin Arrow
48:47 Man-at-Arms
50:50 Ballistics
51:30 Chemistry
大王同学
0:32 Loom
10:10 Feudal Age
15:06 Castle Age
14:04 Double-Bit Axe
16:35 Bow Saw
16:38 Horse Collar
22:47 Stone Mining
23:24 Sanctity
26:36 Wheelbarrow
28:45 Heavy Plow
29:16 Fortified Wall
30:01 Great Wall
31:54 Scale Mail Armor
32:04 Forging
32:46 Squires
32:32 Arson
33:36 Chain Mail Armor
34:38 Gold Mining
37:05 Gold Shaft Mining
38:32 Iron Casting
38:42 Hand Cart
38:12 Town Watch
39:18 Town Watch
42:14 Imperial Age
42:35 Fletching
42:45 Padded Archer Armor
43:06 Ballistics
42:57 Masonry
43:16 Bodkin Arrow
43:54 Plate Mail Armor
42:51 Elite Fire Lancer
42:58 Capped Ram
44:52 Plate Mail Armor
43:54 Siege Ram
45:21 Architecture
44:31 Pikeman
46:08 Halberdier
50:22 Caravan
52:44 Scale Barding Armor
53:42 Thumb Ring
53:03 Elite Skirmisher
54:24 Conscription
54:16 Bodkin Arrow
54:58 Leather Archer Armor
56:37 Blast Furnace
56:59 Bracer
58:45 Ring Archer Armor
59:55 Chemistry
小白妈妈
10:43 Feudal Age
11:49 Double-Bit Axe
14:33 Castle Age
12:39 Horse Collar
16:05 Wheelbarrow
15:42 Bow Saw
16:41 Town Watch
16:43 Loom
24:07 Hand Cart
28:47 Imperial Age
26:26 Gold Mining
28:43 Gold Shaft Mining
28:45 Husbandry
28:56 Bloodlines
28:56 Forging
28:52 Scale Barding Armor
29:07 Forging
28:50 Heavy Camel Rider
29:55 Conscription
29:35 Farimba
29:56 Heavy Plow
29:37 Cavalier
32:23 Chain Barding Armor
32:42 Iron Casting
32:18 Stone Mining
33:05 Coinage
32:48 Guilds
33:53 Plate Barding Armor
34:13 Coinage
34:02 Light Cavalry
36:11 Chemistry
36:50 Ballistics
36:23 Fletching
36:34 Padded Archer Armor
37:37 Banking
38:10 Leather Archer Armor
37:51 Bodkin Arrow
41:28 Ring Archer Armor
40:59 Scale Mail Armor
42:08 Caravan
43:28 Stone Shaft Mining
43:23 Masonry
42:53 Treadmill Crane
45:49 Pikeman
46:29 Squires
46:14 Arson
46:46 Chain Mail Armor
53:51 Onager
56:29 Hoardings
58:27 Thumb Ring
58:54 Plate Mail Armor
Mr.Robin
10:05 Feudal Age
14:18 Castle Age
12:31 Double-Bit Axe
12:44 Horse Collar
15:54 Wheelbarrow
16:18 Bow Saw
22:02 Heavy Plow
24:52 Gold Mining
25:08 Loom
26:48 Hand Cart
29:10 Imperial Age
28:35 Gold Shaft Mining
28:55 Tusk Swords
30:17 Bloodlines
30:08 Husbandry
29:44 Elite Battle Elephant
30:34 Scale Barding Armor
30:40 Forging
31:39 Chemistry
31:24 Conscription
31:52 Chain Barding Armor
34:29 Iron Casting
35:03 Plate Barding Armor
36:29 Crop Rotation
37:27 Blast Furnace
39:45 Ballistics
41:39 Heavy Scorpion
42:24 Double Crossbow
45:25 Light Cavalry
46:07 Fletching
47:29 Siege Engineers
47:35 Masonry
47:10 Hussar
54:43 Capped Ram
58:10 Siege Ram
哭稀饭(2125613428)
9:38 Loom
11:41 Feudal Age
15:04 Fletching
21:00 Castle Age
20:34 Double-Bit Axe
22:35 Scale Barding Armor
27:54 Horse Collar
32:40 Imperial Age
31:13 Ballistas
31:23 Bow Saw
33:27 Siege Engineers
34:24 Chemistry
34:26 Heavy Scorpion
36:48 Ballistics
36:49 Pikeman
37:30 Squires
38:14 Bodkin Arrow
39:32 Gold Mining
40:13 Halberdier
45:31 Capped Ram
47:21 Wheelbarrow
48:19 Siege Ram
54:42 Heavy Plow
56:25 Scale Mail Armor
56:35 Forging
59:37 Chain Barding Armor
59:34 Chain Mail Armor
59:55 Iron Casting
Connection lost

Rejoining the realm…

Still unreachable

The connection could not be restored.

Session expired

The server has moved on; the page needs a fresh start.